 Dungeon Crawl Stone Soup version 0.29-a0-284-gf9362112df (webtiles) character file.

Game seed: 12542739681979384255

140 lunkers the Digger (level 5, -4/31 HPs)
             Began as an Octopode Earth Elementalist on Mar 21, 2022.
             Slain by an orc
             ... wielding a +0 whip
              (6 damage)
             ... on level 3 of the Dungeon.
             The game lasted 00:05:56 (2358 turns).

lunkers the Digger (Octopode Earth Elementalist)    Turns: 2358, Time: 00:05:57

Health: -4/31      AC:  1    Str:  7    XL:     5   Next: 22%
Magic:  8/9        EV: 13    Int: 20    God:
Gold:   83         SH:  0    Dex: 12    Spells: 4/10 levels left

rFire   . . .      SeeInvis .   (no weapon)
rCold   . . .      Faith    .   (no shield)
rNeg    . . .      Spirit   .   (helmet restricted)
rPois   .          Reflect  .   (no amulet)
rElec   .          Harm     .   (no ring)
rCorr   .          Rampage  .   (no ring)
Will    .....                   (no ring)
Stlth   +++.......              (no ring)
HPRegen 0.10/turn               (no ring)
MPRegen 0.11/turn               (no ring)
                                (no ring)
                                (no ring)

@: no status effects
A: almost no armour, amphibious, 8 rings, camouflage 1, gelatinous body 1,
(nimble swimmer 1), tentacles
a: no special abilities


You were on level 3 of the Dungeon.
You visited 1 branch of the dungeon, and saw 3 of its levels.

You collected 83 gold pieces.

Inventory:

Missiles
 a - 29 stones
Jewellery
 e - a ring of ice
Scrolls
 c - a scroll of teleportation {unknown}
 h - a scroll of enchant weapon {unknown}
Potions
 b - a potion of magic
 d - a potion of berserk rage {unknown}
 f - a potion of degeneration {unknown}
 g - a potion of curing


   Skills:
 - Level 2.0 Dodging
 - Level 2.6 Stealth
 + Level 3.0 Spellcasting
 + Level 1.1 Conjurations
 - Level 1.0 Transmutations
 * Level 4.8 Earth Magic


You had 4 spell levels left.
You knew the following spells:

 Your Spells              Type           Power      Damage    Failure   Level
a - Sandblast             Erth           44%        2d11      1%          1
b - Passwall              Tmut/Erth      11%        N/A       6%          2
c - Stone Arrow           Conj/Erth      30%        3d8       12%         3

Your spell library contained the following spells:

 Spells                   Type           Power      Damage    Failure   Level
 Petrify                  Tmut/Erth      14%        N/A       38%         4


Dungeon Overview and Level Annotations

Branches:
Dungeon (3/15)

Altars:

Shops:
D:1 =


Innate Abilities, Weirdness & Mutations

You cannot wear most types of armour.
You are amphibious.
You can wear up to eight rings at the same time.
Your skin changes colour to match your surroundings (Stealth+).
Your rubbery body absorbs attacks. (AC +1, EV +1)
((You are camouflaged when in or above water. (Stealth+)))
You have tentacles for arms and can constrict up to eight enemies at once.


Message History

Casting: Sandblast (safe; 1% risk of failure)
Confirm with . or Enter, or press ? or * to list all spells.
The blast of sand hits the orc but does no damage.
The orc shouts!
The orc wizard shouts!
The hobgoblin shouts!
You hear a shout!
The orc wizard mumbles some strange words.
The orc wizard flickers and vanishes!
Deactivating autopickup; reactivate with Ctrl-A.
The orc attacks as you move away! The orc hits you with a +0 mace.
There is a stone staircase leading up here.
Casting: Sandblast (safe; 1% risk of failure)
Confirm with . or Enter, or press ? or * to list all spells.
The blast of sand hits the orc but does no damage.
The orc hits you with a +0 mace.
You closely miss the orc. You grab the orc. You constrict the orc.
The orc hits you with a +0 mace.
Something tries to affect you, but you resist.
You tentacle-slap the orc but do no damage.
The orc is lightly wounded.
You constrict the orc, but do no damage.
The orc hits you with a +0 mace.
* * * LOW HITPOINT WARNING * * *
You are confused.
You release your grip on the orc.
The orc completely misses you.
You tentacle-slap the orc but do no damage.
The orc is lightly wounded.
The orc barely misses you.
You're too confused to move!
The orc hits you with a +0 mace.
* * * LOW HITPOINT WARNING * * *
The hobgoblin hits you.
* * * LOW HITPOINT WARNING * * *
The orc attacks as you move away! The orc misses you.
The orc hits you with a +0 mace.
* * * LOW HITPOINT WARNING * * *
The hobgoblin hits you but does no damage.
You tentacle-slap the hobgoblin but do no damage.
You feel less confused. The orc barely misses you. The hobgoblin hits you.
* * * LOW HITPOINT WARNING * * *
The orc hits you with a +0 whip.
You die...

.# #. #..#.# #... #..#.# ##
#.#... ..#.# .
.......#######.#.###.#
...................#.
.....................
........?...#..............#
.....!..#..............#
........#..............#
........#.....†........#
........#..............#


You could see 2 orcs and a hobgoblin.

Vanquished Creatures
  Terence (D:1)
  Natasha (twice) (D:2)
  An adder (D:2)
  2 dart slugs (D:1)
  5 bats
  5 endoplasms
  A giant cockroach (D:1)
  A goblin (D:2)
  10 hobgoblins
  6 jackals (D:1)
  2 quokkas
  4 ball pythons
  A frilled lizard (D:2)
  3 kobolds
  4 rats
48 creatures vanquished.

Notes
Turn   | Place    | Note
-------+----------+-------------------------------------------
     0 | D:1      | lunkers the Octopode Earth Elementalist began the quest for
                  | the Orb.
     0 | D:1      | Reached XP level 1. HP: 11/11 MP: 3/3
   131 | D:1      | Reached XP level 2. HP: 17/17 MP: 1/5
   518 | D:1      | Found Nallugal's Jewellery Emporium.
   807 | D:1      | Reached XP level 3. HP: 20/21 MP: 1/6
   989 | D:1      | Learned a level 2 spell: Passwall
   993 | D:1      | Learned a level 3 spell: Stone Arrow
  1367 | D:2      | Noticed Terence
  1376 | D:1      | Killed Terence
  1377 | D:1      | Reached skill level 4 in Earth Magic
  1377 | D:1      | Reached XP level 4. HP: 14/27 MP: 0/8
  1652 | D:2      | Found a faded altar of an unknown god.
  1849 | D:2      | Noticed Natasha
  1856 | D:2      | Killed Natasha
  2229 | D:2      | Noticed Natasha
  2239 | D:2      | Killed Natasha
  2240 | D:2      | Reached skill level 1 in Conjurations
  2240 | D:2      | Reached XP level 5. HP: 28/31 MP: 6/9
  2358 | D:3      | Slain by an orc

Illustrated notes

Levels and vault maps discovered:
D:1:      zaba_arrival_water, layout_loops_ring, serial_shops, shop,
          minivault_26, minivault_19, minmay_misc_feat_five
D:2:      layout_loops_cross, shapermc_ecumenical_altar_notcrosses,
          minmay_small_reverse_x, uniq_terence, uniq_natasha
D:3:      layout_basic, lemuel_coloured_pillars_altar, general_overflow_altar

Skill      XL: |  1  2  3  4 |
---------------+-------------+-----
Earth Magic    | 4 |  4.8
Spellcasting   | 3 |  3.0
Conjurations   | 1 |  1.1
Dodging        | |  2.0
Stealth        | |  2.6
Transmutations | |  1.0

Action                   |  1- 3 |  4- 6 || total
-------------------------+-------+-------++-------
Melee: Unarmed           |    26 |    10 ||    36
       Constrict         |     7 |     2 ||     9
       Tentacles         |     5 |     5 ||    10
       Punch             |     1 |       ||     1
 Cast: Sandblast         |    31 |    29 ||    60
 Stab: Sleeping          |     3 |       ||     3
Armor: Skin              |     5 |     2 ||     7
Dodge: Dodged            |    30 |    14 ||    44

Table legend: (Time is in decaauts)
 A = Elapsed time spent in this place.
 B = Non-inter-level travel time spent in this place.
 C = Inter-level travel time spent in this place.
 D = Time resting spent in this place.
 E = Time spent auto-exploring this place.
 F = Levels seen in this place.
 G = Mean time per level.
                   A        B        C        D        E       F      G
               +--------+--------+--------+--------+--------+-----+--------+
         Total |   2358 |   2264 |     94 |    349 |   1602 |   3 |  786.0 |
       Dungeon |   2358 |   2264 |     94 |    349 |   1602 |   3 |  786.0 |
               +--------+--------+--------+--------+--------+-----+--------+

Top non-repeatable levels by time:
     D:1: 1517 daAuts
     D:2: 784 daAuts
     D:3: 56 daAuts
